 Dungeon Crawl Stone Soup version 0.17-a0-1133-gfb1399f (webtiles) character file.

2779 HEYYEYAAE the Nimble (level 9, 0/61 HPs)
             Began as an Octopode Fighter on May 25, 2015.
             Was an Initiate of Gozag.
             Splashed by a jelly's acid (16 damage)
             ... on level 8 of the Dungeon.
             The game lasted 00:11:10 (7571 turns).

HEYYEYAAE the Nimble (Octopode Fighter)             Turns: 7571, Time: 00:11:10

Health: 0/61       AC: -4    Str: 15    XL:     9   Next: 70%
Magic:  9/9        EV: 15    Int: 11    God:    Gozag
Gold:   354        SH: 11    Dex: 14    Spells: 0 memorised, 8 levels left

rFire  . . .     SeeInvis +     a - +2 war axe
rCold  . . .     Clarity  .     b - +1 shield
rNeg   . . .     SustAt   .     (helmet restricted)
rPois  .         Gourm    .     y - amulet of resist mutation
rElec  .         Spirit   .     n - ring of flight
rCorr  .         Warding  .     t - ring of see invisible
rMut   +         Stasis   .     (no ring)
MR     .....                    (no ring)
Stlth  +++++.....               (no ring)
                                (no ring)
                                (no ring)
                                (no ring)

@: corroded equipment, not resistant to hostile enchantments, quite stealthy
A: almost no armour, amphibious, 8 rings, constrict 8, camouflage 1, gelatinous
body 1
a: Potion Petition, Call Merchant, Bribe Branch, Renounce Religion, Evoke Flight


You were on level 8 of the Dungeon.
You worshipped Gozag.
Gozag was noncommittal.
You were not hungry.

You visited 1 branch of the dungeon, and saw 8 of its levels.

You collected 753 gold pieces.
You spent 312 gold pieces at shops.
You paid 87 gold pieces to Gozag.

Inventory:

Hand weapons
 a - a +2 war axe (weapon)
 f - a cursed -2 dagger
Armour
 b - a +1 shield (worn)
Jewellery
 n - a ring of flight (left tentacle)
 r - an uncursed amulet of the gourmand
 t - a ring of see invisible (right tentacle)
 y - an amulet of resist mutation (around mantle)
Magical devices
 c - a wand of frost (48)
Scrolls
 e - 4 scrolls of teleportation
 g - 3 scrolls of recharging
 i - 6 scrolls of remove curse
 j - a scroll of immolation
 u - a scroll of magic mapping
Potions
 l - a potion of flight
 o - a potion of cancellation
 p - 4 potions of degeneration
 q - 2 potions of brilliance
 x - a potion of might
 E - a potion of invisibility
Comestibles
 d - 3 bread rations
 h - 5 meat rations


   Skills:
 + Level 5.5 Fighting
 + Level 5.3 Axes
 * Level 8.4 Dodging
 + Level 7.2 Stealth
 * Level 6.5 Shields


You had 8 spell levels left.
You didn't know any spells.

Dungeon Overview and Level Annotations

Branches:
Dungeon (8/15)             Temple (0/1) D:7
   Lair: D:8-11

Altars:
Cheibriados
Dithmenos
Gozag
Okawaru
Qazlal
Vehumet
Xom
Zin

Shops:
D:5 [   D:7 !

Annotations:
D:4 emiel's ghost, experienced DrTm
D:5 Pikel


Innate Abilities, Weirdness & Mutations

You cannot wear most types of armour.
You are amphibious.
You can wear up to eight rings at the same time.
You can use your tentacles to constrict eight enemies at once.
Your skin changes colour to match your surroundings (Stealth).
Your rubbery body absorbs attacks (AC +1).


Message History

You start resting.
There is an open door here.
You see here 37 gold pieces.
You start resting.
You repair your equipment.
There is an open door here.
You see here 37 gold pieces.
You now have 354 gold pieces (gained 3).
The jelly quivers.
You slash the jelly! The acid corrodes your equipment!
Your tentacles burn!
The jelly is severely wounded.
The jelly hits you.
You are splashed with acid!
The acid burns!
You hit the jelly but do no damage.
Your tentacles burn!
* * * LOW HITPOINT WARNING * * *
The jelly is severely wounded.
The jelly hits you.
* * * LOW HITPOINT WARNING * * *
You are splashed with acid!
The acid burns!
You die...
Your body crumbles into a pile of gold.

.'....'...+,,,,,,,,*
'#....#.###*#+##*,,*
...#'##.#####..#**+**
...'..'..'..+..#,,,,*
..(#+##.#####.≈#*****
...#.##.####.≈#####
...#..........#...#**
...#'###'####≈$.#.+_*
...#.###.##...#.@J#**
+###...'.....≈#####
...+...#....'.≈######
'####'##.##.#.......#
..###.##+##.#########
......+...'....#
##'##########.##
............###
............#


You could see a jelly.

Vanquished Creatures
  A troll (D:8)
  Prince Ribbit (D:5)
  A deep elf mage (D:8)
  Menkaure (D:4)
  An orc warrior (D:8)
  A phantom (D:5)
  A necrophage (D:7)
  2 ogres
  3 centaurs
  2 big kobolds
  2 wyvern zombies (D:8)
  2 giant frogs (D:6)
  A scorpion (D:6)
  2 killer bees (D:8)
  A crimson imp (D:8)
  A giant frog zombie (D:7)
  A centaur zombie (D:6)
  5 orc wizards
  5 hounds
  2 giant frog skeletons
  2 jellies (D:8)
  2 orc priests
  4 worker ants
  An iguana (D:5)
  Robin (D:3)
  4 adders
  2 shadow imps
  6 oozes
  3 worms
  2 giant geckos
  20 orcs
  2 bat skeletons
  5 giant cockroaches
  17 goblins
  15 hobgoblins
  24 kobolds
  4 quokkas
  2 ball pythons
  11 bats
  4 giant newts
  2 jackals (D:1)
  4 rats
173 creatures vanquished.

Vanquished Creatures (others)
  5 sheep (D:4)
5 creatures vanquished.

Grand Total: 178 creatures vanquished

Notes
Turn   | Place    | Note
--------------------------------------------------------------
     0 | D:1      | HEYYEYAAE the Octopode Fighter began the quest for the Orb.
     0 | D:1      | Reached XP level 1. HP: 16/16 MP: 1/1
   369 | D:1      | Reached XP level 2. HP: 17/21 MP: 2/2
   737 | D:2      | Reached XP level 3. HP: 26/26 MP: 3/3
  1022 | D:2      | Found a radiant altar of Vehumet.
  1030 | D:2      | Reached skill level 1 in Stealth
  1428 | D:2      | Reached XP level 4. HP: 10/31 MP: 4/4
  1810 | D:3      | Found an iron altar of Okawaru.
  1835 | D:3      | Noticed Robin
  2243 | D:3      | Reached XP level 5. HP: 25/36 MP: 5/5
  2257 | D:3      | Killed Robin
  2257 | D:3      | Reached skill level 4 in Dodging
  3160 | D:4      | Reached XP level 6. HP: 42/42 MP: 6/6
  3216 | D:4      | Noticed Menkaure
  3227 | D:4      | Killed Menkaure
  3381 | D:4      | Noticed emiel's ghost (experienced DrTm)
  3392 | D:4      | Found a shimmering altar of Xom.
  3496 | D:5      | Entered Level 5 of the Dungeon
  3666 | D:5      | Found Keveduir's Armour Shop.
  3688 | D:5      | Reached XP level 7. HP: 27/47 MP: 7/7
  3689 | D:5      | Reached skill level 5 in Dodging
  3732 | D:5      | Noticed Prince Ribbit
  3860 | D:5      | Killed Prince Ribbit
  3860 | D:5      | Reached skill level 5 in Stealth
  3972 | D:5      | Found an opulent altar of Gozag.
  3988 | D:5      | Became a worshipper of Gozag Ym Sagoz the Greedy
  4191 | D:5      | Noticed Pikel
  4625 | D:6      | Reached skill level 5 in Shields
  4655 | D:6      | Reached XP level 8. HP: 45/54 MP: 8/8
  4884 | D:6      | Reached skill level 6 in Dodging
  5223 | D:7      | Found a shadowy altar of Dithmenos.
  5250 | D:7      | Found a snail-covered altar of Cheibriados.
  5253 | D:7      | Found a glowing silver altar of Zin.
  5254 | D:7      | Found a stormy altar of Qazlal.
  5340 | D:7      | Found a staircase to the Ecumenical Temple.
  5607 | D:7      | Found a shadowy altar of Dithmenos.
  5642 | D:7      | Found Urhyty's Distillery.
  5650 | D:7      | Bought a potion of haste for 130 gold pieces
  5650 | D:7      | Bought a potion of curing for 39 gold pieces
  5650 | D:7      | Bought a potion of invisibility for 104 gold pieces
  5650 | D:7      | Bought a potion of curing for 39 gold pieces
  6276 | D:8      | Noticed a troll
  6292 | D:8      | Killed a troll
  6292 | D:8      | Reached skill level 5 in Fighting
  6292 | D:8      | Reached skill level 7 in Dodging
  6292 | D:8      | Reached XP level 9. HP: 26/59 MP: 9/9
  6463 | D:8      | Noticed a deep elf mage
  6468 | D:8      | Killed a deep elf mage
  6966 | D:8      | Reached skill level 5 in Axes
  6966 | D:8      | Reached skill level 8 in Dodging
  7571 | D:8      | Splashed by a jelly's acid

Vault maps used:
D:1:      ncdulo_lavacross, hangedman_decor_riveting
D:2:      old_standard_altar
D:3:      okawaru_ov_weapons_minmay, first_bread, kennysheep_cross_bottleneck,
          uniq_robin
D:4:      kb_xom_exploding_sheep, uniq_menkaure
D:5:      serial_shops, shop, nicolae_gozag_cash_rules_everything_around_me,
          uniq_duvessa, uniq_pikel, uniq_eustachio, uniq_prince_ribbit1
D:7:      minitemple, lemuel_doored_altar, minmay_temple_entry_hall,
          serial_shops, shop, grunt_dithmenos_shadows
D:8:      hangedman_little_slice_of_home

Action                   |  1- 3 |  4- 6 |  7- 9 || total
-------------------------+-------+-------+-------++-------
Melee: War axe           |    74 |   107 |   204 ||   385
  Use: Potion            |       |     4 |     7 ||    11
       Scroll            |       |     7 |    12 ||    19
 Stab: Sleeping          |     9 |    11 |    13 ||    33
       Distracted        |       |       |     4 ||     4
       Invisible         |       |       |     1 ||     1
  Eat: Chunk             |     1 |    12 |     2 ||    15
       Royal jelly       |       |       |     1 ||     1
       Beef jerky        |       |       |     1 ||     1
       Pizza             |       |       |     3 ||     3
